 Dungeon Crawl Stone Soup version 0.28.0 (webtiles) character file.

Game seed: 11683136983698809510

952 BorgnjorsVileCrotch the Cleaver (level 7, -3/61 HPs)
             Began as a Deep Dwarf Fighter on Feb 8, 2022.
             Was a Believer of Qazlal.
             Slain by a manticore (10 damage)
             ... on level 7 of the Dungeon.
             The game lasted 00:03:26 (623 turns).

BorgnjorsVileCrotch the Cleaver (Deep Dwarf Fighter) Turns: 623, Time: 00:03:27

Health: -3/61      AC:  9    Str: 22    XL:     7   Next: 90%
Magic:  15/17 (8)  EV:  9    Int:  8    God:    Qazlal [**....]
Gold:   95         SH:  7    Dex: 12    Spells: 6/6 levels left

rFire   . . .      SeeInvis +   a - +0 war axe
rCold   . . .      Faith    .   c - +0 buckler
rNeg    + . .      Spirit   .   b - +0 scale mail
rPois   .          Reflect  .   (no helmet)
rElec   .          Harm     .   k - +0 cloak
rCorr   .          Rampage  .   n - +0 pair of gloves
Will    +....                   (no boots)
Stlth   ..........              (no amulet)
HPRegen 0.00/turn               q - ring of Mistrust {rN+ MP+9 SInv}
MPRegen 0.15/turn               (no ring)

@: spiked, studying Transmutations
A: damage resistance, heal wounds, sense surroundings 1, no regeneration
a: Heal Wounds, Renounce Religion, Upheaval


You were on level 7 of the Dungeon.
You worshipped Qazlal.
Qazlal was pleased with you.
You visited 1 branch of the dungeon, and saw 7 of its levels.

You collected 95 gold pieces.

Inventory:

Hand Weapons
 a - a +0 war axe (weapon)
Armour
 b - a +0 scale mail (worn)
 c - a +0 buckler (worn)
 k - a +0 cloak (worn)
   (You found it on level 2 of the Dungeon)
 l - a +0 chain mail
   (You found it on level 4 of the Dungeon)
 n - a +0 pair of gloves (worn)
   (You found it on level 4 of the Dungeon)
Jewellery
 q - the ring of Mistrust (left hand) {rN+ MP+9 SInv}
   (You found it on level 6 of the Dungeon)

   [ring of see invisible]

   rN:        It protects you from negative energy.
   MP:        It affects your magic capacity (+9).
   SInv:      It lets you see invisible.
Scrolls
 g - a scroll of amnesia {unknown}
 i - a scroll of noise {unknown}
 m - 2 scrolls of fear {unknown}
 p - a scroll of identify {unknown}
Potions
 d - 2 potions of might {@q3 !q}
 e - a potion of brilliance {unknown}
 f - 4 potions of curing {unknown}
 h - 3 potions of flight {unknown}
 j - 2 potions of attraction {unknown}
 o - a potion of mutation {unknown}


   Skills:
 - Level 2.6 Fighting
 * Level 8.9 Axes
 - Level 3.2 Armour
 - Level 3.2 Shields
 + Level 5.7 Invocations


You had 6 spell levels left.
You didn't know any spells.
Your spell library was empty.

Dungeon Overview and Level Annotations

Branches:
Dungeon (7/15)
 Temple: D:4-7

Altars:
Qazlal


Innate Abilities, Weirdness & Mutations

You are resistant to damage.
You can heal yourself by infusing magical energy.
You passively map a small area around you.
You do not regenerate.


Message History

You kill the ice beast!
Qazlal accepts your kill.
Found 23 arrows.
Your magical essence is drained by the effort!
You feel much better.
h - 3 sedimented orange potions (gained 2)
Found a stone staircase leading down.
You now have 95 gold pieces (gained 4).
There is a stone staircase leading down here.
You climb downwards.
There is a stone staircase leading up here.
A shadow imp comes into view.
The shadow imp shouts!
You closely miss the shadow imp.
The shadow imp grinds its teeth.
You block the shadow imp's attack. The shadow imp barely misses you.
You hit the shadow imp.
The shadow imp is heavily wounded.
The shadow imp barely misses you.
You closely miss the shadow imp.
The shadow imp is heavily wounded.
The shadow imp gestures at you. Pain shoots through your body!
You barely miss the shadow imp.
The shadow imp is heavily wounded.
The shadow imp gestures at you. You resist with significant effort.
You slash the shadow imp!
You kill the shadow imp!
Qazlal accepts your kill.
A manticore comes into view.
The manticore flicks its tail.
The volley of spikes hits you!
The barbed spikes become lodged in your body.
You feel much better.
The manticore flicks its tail.
The volley of spikes hits you!
The barbed spikes become lodged in your body.
The barbs in your skin will harm you if you move.
Continue?
The barbed spikes dig painfully into your body as you move.
The manticore flicks its tail.
The volley of spikes hits you!!
The barbed spikes become lodged in your body.
Your magical essence is drained by the effort!
You feel much better.
The manticore flicks its tail.
The volley of spikes hits you!
The barbed spikes become lodged in your body.
You feel much better.
The manticore flicks its tail.
The volley of spikes hits you.
The barbed spikes become lodged in your body.
Aiming: Upheaval
Press: ? - help, Dir - move target, f - manticore
Aim: a manticore The ground shakes violently, spewing rubble!
The blast of rubble hits the manticore!!
The manticore is moderately wounded.
You slash the manticore!
The manticore is heavily wounded.
The manticore bites you but does no damage.
You block the manticore's attack.
The manticore claws you but does no damage.
You barely miss the manticore.
The manticore is heavily wounded.
The manticore bites you but does no damage.
The manticore claws you! The manticore claws you.
You slash the manticore!
The manticore is severely wounded.
The manticore barely misses you.
The manticore claws you but does no damage.
The manticore claws you!
You barely miss the manticore.
The manticore is severely wounded.
You block the manticore's attack. The manticore claws you.
The manticore closely misses you.
You hit the manticore.
The manticore is severely wounded.
You block the manticore's attack.
The manticore claws you but does no damage.
The manticore barely misses you.
You slash the manticore!
The manticore is almost dead.
The manticore bites you!!
The manticore claws you but does no damage. x2
The manticore barely misses you. The manticore completely misses you.
The manticore claws you.
* * * LOW HITPOINT WARNING * * *
You feel much better. The manticore bites you. The manticore barely misses you.
The manticore claws you.
You closely miss the manticore.
The manticore is almost dead.
The manticore bites you! The manticore completely misses you.
The manticore claws you but does no damage.
You closely miss the manticore.
The manticore is almost dead.
The manticore bites you!
* * * LOW HITPOINT WARNING * * *
The manticore closely misses you. The manticore claws you!
You die...

* , , , ,,,
, ###### ,
##....### ,
, ,....... ,
,
#######....#
,
.......H§..#
* #@...# *
,, * #....#
,, ##.#####
* #......# ,
#......#
#......#
#......#
##.#####.# ,
##.#.....#


You could see a manticore.

Vanquished Creatures
  Eustachio (D:4)
  An ice beast (D:6)
  3 necrophages
  A scorpion (D:3)
  4 hounds
  3 jellies
  A bullfrog skeleton (D:5)
  2 orc wizards (D:5)
  A scorpion zombie (D:5)
  A hound skeleton (D:4)
  An adder (D:4)
  A shadow imp (D:7)
  An ufetubus (D:6)
  A worm (D:4)
  A dart slug (D:4)
  15 orcs
  An endoplasm (D:4)
  2 giant cockroaches
  2 goblins
  A hobgoblin (D:4)
  9 jackals (D:4)
  A kobold (D:3)
  2 quokkas
  A ball python (D:3)
  A bat (D:2)
  A frilled lizard (D:1)
59 creatures vanquished.

Vanquished Creatures (others)
  A fungus (D:3)
1 creature vanquished.

Grand Total: 60 creatures vanquished

Notes
Turn   | Place    | Note
-------+----------+-------------------------------------------
     0 | D:1      | BorgnjorsVileCrotch the Deep Dwarf Fighter began the quest
                  | for the Orb.
     0 | D:1      | Reached XP level 1. HP: 20/20 MP: 1/1
   105 | D:2      | Reached skill level 3 in Axes
   114 | D:2      | Reached XP level 2. HP: 27/27 MP: 2/2
   187 | D:3      | Reached skill level 4 in Axes
   187 | D:3      | Reached XP level 3. HP: 31/33 MP: 3/3
   204 | D:3      | Noticed a scorpion
   213 | D:3      | Found a faded altar of an unknown god.
   218 | D:3      | Prayed at the altar of an unknown god.
   218 | D:3      | Became a worshipper of Qazlal Stormbringer
   218 | D:3      | Reached * piety under Qazlal
   225 | D:3      | Killed a scorpion
   226 | D:3      | Reached skill level 5 in Axes
   226 | D:3      | Reached XP level 4. HP: 27/40 MP: 4/4
   305 | D:4      | Reached skill level 1 in Invocations
   308 | D:4      | Reached XP level 5. HP: 21/46 MP: 5/5
   323 | D:4      | Noticed Eustachio
   343 | D:4      | Killed Eustachio
   344 | D:4      | Reached skill level 6 in Axes
   344 | D:4      | Reached skill level 3 in Invocations
   344 | D:4      | Reached XP level 6. HP: 35/55 MP: 6/8
   413 | D:4      | Reached skill level 7 in Axes
   417 | D:5      | Entered Level 5 of the Dungeon
   418 | D:5      | Noticed an air elemental
   426 | D:5      | Reached ** piety under Qazlal
   431 | D:5      | Reached skill level 4 in Invocations
   441 | D:5      | Reached XP level 7. HP: 24/61 MP: 10/10
   458 | D:5      | Your magical essence is drained by the effort!
   491 | D:5      | Reached skill level 8 in Axes
   494 | D:5      | Reached skill level 5 in Invocations
   545 | D:6      | Identified the ring of Mistrust {rN+ MP+9 SInv}
   566 | D:6      | Your magical essence is drained by the effort!
   607 | D:7      | Noticed a manticore
   612 | D:7      | Your magical essence is drained by the effort!
   623 | D:7      | Slain by a manticore

Illustrated notes

Levels and vault maps discovered:
D:1:      dpeg_arrival_rooms_a, layout_basic
D:2:      layout_basic, serial_shops, nicolae_shop_advertising_works
          [nicolae_subvault_shop_adworks], grunt_decor_junction, chequers_jeans,
          grunt_ministairs_7, minmay_between
D:3:      layout_rooms, shapermc_ecumenical_altar_acropolis, minmay_misc_feat_x,
          hex_large, uniq_sigmund, uniq_grinder
D:4:      layout_rooms, kiku_gazebo_pond_becter, uniq_eustachio
D:5:      layout_cave_pools, nicolae_qazlal_style_of_elements,
          minmay_hollow_rounded_squares, uniq_blork_the_orc
D:6:      layout_basic, minmay_temple_entry_sparse_star
D:7:      layout_basic, minmay_strange_pillars

Skill      XL: |  1  2  3  4  5  6  7 |
---------------+----------------------+-----
Axes           | 3 4 5 6 7 8 |  8.9
Invocations    | 1 3 4 5 |  5.7
Fighting       | |  2.6
Armour         | |  3.2
Shields        | |  3.2

Action                   |  1- 3 |  4- 6 |  7- 9 || total
-------------------------+-------+-------+-------++-------
Melee: War axe           |    33 |    77 |    40 ||   150
Invok: Upheaval          |       |       |     1 ||     1
 Abil: Heal Wounds       |       |     2 |     6 ||     8
Armor: Scale mail        |    20 |    56 |    22 ||    98
Dodge: Dodged            |    18 |    51 |    21 ||    90
Block: Buckler           |    15 |    34 |    14 ||    63
